[Event "Early-Titled-Tuesday-Blitz-March-05-2024"]
[Site "Chess.com"]
[Date "2024.03.05"]
[Round "1"]
[White "Oleksandr_Bortnyk"]
[Black "AA95"]
[Result "1-0"]
[WhiteElo "2968"]
[BlackElo "2509"]
[TimeControl "180+1"]
[EndTime "8:06:19 PST"]
[Termination "Oleksandr_Bortnyk won on time"]

1. e4 c5 2. c3 d5 3. exd5 Qxd5 4. d4 Nf6 5. Be3 cxd4 6. cxd4 e6 7. Nc3 Bb4 8. Nf3 Nc6 9. Bd3 O-O 10. O-O Bxc3 11.
bxc3 b6 12. c4 Qd6 13. h3 Bb7 14. Rb1 Rfd8 15. Qa4 Qc7 16. Rfc1 e5 17. dxe5 Nxe5 18. Nxe5 Qxe5 19. Bf1 Ne4 20. c5 Nc3 21. Rxc3 Qxc3 22. Rc1 Qa5 23. Qxa5 bxa5 24. c6 Bc8 25. a4 Re8 26.
Rc5 a6 27. Rxa5 Re6 28. Rc5 Rb8 29. Bc4 Rf6 30. c7 Rb4 31. Rd5 g5 32. Rd8+ Kg7 33.
Bd5 Rb1+ 34. Kh2 1-0

[Event "Early-Titled-Tuesday-Blitz-March-05-2024"]
[Site "Chess.com"]
[Date "2024.03.05"]
[Round "1"]
[White "klercaku"]
[Black "PolandHussars"]
[Result "0-1"]
[WhiteElo "2181"]
[BlackElo "2562"]
[TimeControl "180+1"]
[EndTime "8:06:19 PST"]
[Termination "PolandHussars won on time"]

1. e4 e5 2. Nf3 Nc6 3. d4 exd4 4. Nxd4 Bc5 5. Be3 Qf6 6. c3 b6 7. Be2 Bb7 8. O-O Nge7 9. Nb5 O-O-O 10. Bxc5 bxc5 11.
Nd2 d5 12. Qc2 Qg6 13. Bf3 a6 14. Na3 Ne5 15. exd5 Nxf3+ 16. Nxf3 Nxd5 17. Qxg6 hxg6 18. Nc4 Nf4 19. Rfe1 f6 20. Re7 Rd7 21. Rxd7 Kxd7 22. Rd1+ Ke7 23. Na5 Ba8 24. Ne1 Rb8 25. Rd2 g5 26. g3 Ne6 27. Nc4 g6 28. Ne3 f5 29.
Nc4 g4 30. Ne5 Rg8 31. N5d3 Ng5 32. Nf4 Kf6 33. Re2 Rd8 34. Neg2 Rd1+ 35. Re1 Nf3+ 36. Kf1 Nxe1 37. Ke2 Nxg2 0-1

[Event "Early-Titled-Tuesday-Blitz-March-05-2024"]
[Site "Chess.com"]
[Date "2024.03.05"]
[Round "1"]
[White "Blackwhite017"]
[Black "SharapovEvgeny"]
[Result "0-1"]
[WhiteElo "2115"]
[BlackElo "2542"]
[TimeControl "180+1"]
[EndTime "8:06:20 PST"]
[Termination "SharapovEvgeny won on time"]

1. e4 c5 2. Nf3 d6 3. Nc3 e5 4.
Bc4 Be7 5. d3 Nc6 6. a3 Nf6 7.
Nd5 Nxd5 8. Bxd5 O-O 9. c3 Be6 10. Bxe6 fxe6 11. Qb3 Qd7 12. Be3 Rab8 13. Ng5 Bxg5 14. Bxg5 b5 15. O-O a5 16. Be3 b4 17. axb4 axb4 18. Ra6 bxc3 19. Qxc3 Nd4 20. Bxd4 exd4 21. Qa3 Rb7 22. Ra1 h6 23. e5 dxe5 24. Qxc5 Rxb2 25. Ra7 Rb7 26. Rxb7 Qxb7 27. Qxe5 Qd5 28.
Qxd5 exd5 29. Ra4 Rc8 30. g3 Kf7 31. Rxd4 Ke6 32. Rg4 g5 33. Ra4 Ke5 34. f4+ gxf4 35. Rxf4 d4 36. Re4+ Kd5 37. Rh4 Rc6 0-1

[Event "Early-Titled-Tuesday-Blitz-March-05-2024"]
[Site "Chess.com"]
[Date "2024.03.05"]
[Round "1"]
[White "LuisFSiles"]
[Black "xasid81"]
[Result "0-1"]
[WhiteElo "2250"]
[BlackElo "2586"]
[TimeControl "180+1"]
[EndTime "8:06:21 PST"]
[Termination "xasid81 won by resignation"]

1. e4 c6 2. d4 d6 3. Nc3 Nf6 4.
f4 Qa5 5. e5 dxe5 6. dxe5 Ne4 7. Bd2 Nxd2 8. Qxd2 Bf5 9. Bd3 Bxd3 10. Qxd3 Na6 11. O-O-O Rd8 12. Qxd8+ Qxd8 13. Rxd8+ Kxd8 14. Nf3 e6 15. Rd1+ Ke8 16. Ne4 Nc5 17. Nd6+ Bxd6 18. Rxd6 Ke7 19. b4 Nd7 20. Rd3 Nb6 21. Nd2 Nd5 22. g3 b6 23. a3 h5 24. c4 Nc7 25.
h4 b5 26. Rd6 bxc4 27. Rxc6 Nb5 28. Nxc4 Kd7 29. Rc5 Nd4 30. Kb2 Nf5 31. Ra5 Nxg3 32. Rxa7+ Kc6 33. Rxf7 Nf5 34. a4 Nxh4 35. Rxg7 Nf5 36.
Ra7 h4 37. b5+ Kd5 38. Nd2 h3 39. Nf3 Ke4 40. Ng5+ Kxf4 41. Nxh3+ Rxh3 42. b6 Nd4 43. Rc7 Rb3+ 44. Ka2 Rxb6 45. a5 Rb5 46. Ra7 Nc6 47. Rf7+ 0-1

[Event "Early-Titled-Tuesday-Blitz-March-05-2024"]
[Site "Chess.com"]
[Date "2024.03.05"]
[Round "1"]
[White "Capiberibe"]
[Black "Herman-NY"]
[Result "0-1"]
[WhiteElo "1996"]
[BlackElo "2534"]
[TimeControl "180+1"]
[EndTime "8:06:22 PST"]
[Termination "Herman-NY won by resignation"]

1. e4 e5 2. Nf3 Nc6 3. Bb5 a6 4. Bxc6 dxc6 5. d4 exd4 6. Qxd4 Qxd4 7. Nxd4 Bd7 8. Nc3 O-O-O 9. Be3 Ne7 10. f3 c5 11.
Nde2 b6 12. O-O-O Bc6 13. Rxd8+ Kxd8 14. Rd1+ Kc8 15. Nf4 Ng6 16. Nxg6 hxg6 17. h3 Be7 18. Nd5 Bd8 19. Nc3 f5 20. e5 g5 21. Rxd8+ Rxd8 22. Bxg5 Re8 23. Bf4 Kd7 24. Ne2 Ke6 25. Ng3 Rh8 26.
Ne2 Rh5 27. Ng3 Rh4 28. Ne2 Bb5 29. Bg3 Ra4 30. Nc3 Rd4 31. Ne2 Bxe2 0-1

[Event "Early-Titled-Tuesday-Blitz-March-05-2024"]
[Site "Chess.com"]
[Date "2024.03.05"]
[Round "1"]
[White "jasonbolivar"]
[Black "YurasovMat-2012"]
[Result "0-1"]
[WhiteElo "2300"]
[BlackElo "2610"]
[TimeControl "180+1"]
[EndTime "8:06:23 PST"]
[Termination "YurasovMat-2012 won on time"]

1. e4 e5 2. Nf3 Nf6 3. d4 Nxe4 4. dxe5 d5 5. Nbd2 Nxd2 6. Qxd2 c6 7. Qf4 h6 8. Bd3 Be6 9. Bd2 c5 10.
c3 Nc6 11. Rd1 Be7 12. Qg3 g6 13. O-O Qc7 14. Rfe1 O-O-O 15. Bb5 a6 16. Bf1 g5 17.
Bc1 Rhg8 18. a3 Rde8 19. b4 f5 20. Nd2 f4 21. Qd3 Nxe5 22. Qh7 Rh8 23. Qg7 Bd6 24. Qxc7+ Bxc7 25. bxc5 Bg4 26. f3 Bf5 27. Nb3 Bc2 28.
Nd4 Bxd1 29. Rxd1 Nc4 30. a4 Ne3 0-1

[Event "Early-Titled-Tuesday-Blitz-March-05-2024"]
[Site "Chess.com"]
[Date "2024.03.05"]
[Round "1"]
[White "MarijaKuznecova"]
[Black "sergeikim"]
[Result "1-0"]
[WhiteElo "2343"]
[BlackElo "2611"]
[TimeControl "180+1"]
[EndTime "8:06:25 PST"]
[Termination "MarijaKuznecova won by resignation"]

1. e4 e5 2. Nf3 Nc6 3. d4 exd4 4. Nxd4 Bc5 5. Nb3 Bb6 6. Nc3 d6 7. Qe2 Nf6 8. Be3 Be6 9. O-O-O Qe7 10. g3 O-O-O 11.
Bg2 Rhe8 12. h3 h6 13. Bxb6 axb6 14. f4 Kb8 15. Rhe1 Bc8 16. Nd4 Nxd4 17. Rxd4 g5 18. Qd2 g4 19. hxg4 Bxg4 20. e5 dxe5 21. fxe5 Rxd4 22.
Qxd4 h5 23. Nb5 c6 24. Nd6 Nd7 25. Nxe8 Qxe8 26. Qd6+ Kc8 27. Re4 Nc5 28. Rd4 Be6 29.
a4 Nd7 30. a5 b5 31. a6 bxa6 32. Bxc6 Qd8 33. Bxd7+ Bxd7 34. Qxa6+ Kb8 35. Rd6 1-0

[Event "Early-Titled-Tuesday-Blitz-March-05-2024"]
[Site "Chess.com"]
[Date "2024.03.05"]
[Round "1"]
[White "pfalcon1949"]
[Black "Triumphmate"]
[Result "0-1"]
[WhiteElo "1938"]
[BlackElo "2530"]
[TimeControl "180+1"]
[EndTime "8:06:25 PST"]
[Termination "Triumphmate won by checkmate"]

1. e4 d5 2. exd5 Nf6 3. Nc3 Bg4 4. f3 Bf5 5. d4 Nxd5 6. Bd3 Bxd3 7. Qxd3 Nc6 8.
Nge2 e6 9. a3 Be7 10. O-O O-O 11.
Nxd5 Qxd5 12. c4 Qd7 13. Be3 Rad8 14. Rad1 Bf6 15. b3 a6 16. Rfe1 Qd6 17. b4 Rfe8 18. Bf2 h6 19. Bg3 Bxd4+ 20. Kh1 Qe7 21. Nxd4 Rxd4 22.
Qc3 Red8 23. Rxd4 Nxd4 24. Be5 Nf5 25. g4 Qh4 26. gxf5 Rd3 27. Qa1 Qh3 28. Rf1 Rd2 29. Bg3 Qg2# 0-1

[Event "Early-Titled-Tuesday-Blitz-March-05-2024"]
[Site "Chess.com"]
[Date "2024.03.05"]
[Round "1"]
[White "Real_taiatai"]
[Black "Njal28"]
[Result "0-1"]
[WhiteElo "2515"]
[BlackElo "3035"]
[TimeControl "180+1"]
[EndTime "8:06:27 PST"]
[Termination "Njal28 won by checkmate"]

1. e4 e5 2. Nf3 Nc6 3. Bc4 Bc5 4. c3 Nf6 5. d3 d6 6. b4 Bb6 7. a4 a5 8. b5 Ne7 9. Nbd2 Ng6 10. O-O O-O 11. d4 h6 12. Re1 Re8 13. Qb3 Be6 14. Bxe6 Rxe6 15. d5 Re8 16. Nc4 Bc5 17. Qc2 Ng4 18.
Ne3 Nxe3 19. Bxe3 Bxe3 20. Rxe3 b6 21. g3 Qd7 22. Ne1 Rf8 23. Rf3 Ne7 24. Ng2 f5 25. Nh4 f4 26. Kh1 g5 27. Ng2 Ng6 28. Rd3 Rf7 29. Qe2 g4 30. Qc2 Raf8 31. Rd2 Qe7 32. Kg1 h5 33. Rf1 h4 34. Rdd1 Qg5 35. Qd2 Qh5 36.
f3 hxg3 37. hxg3 fxg3 38. Ne3 gxf3 39. Nf5 Rxf5 40. exf5 Rxf5 41. Qc2 f2+ 42. Kg2 Qh2# 0-1

[Event "Early-Titled-Tuesday-Blitz-March-05-2024"]
[Site "Chess.com"]
[Date "2024.03.05"]
[Round "1"]
[White "cristianserban1"]
[Black "Seochesspie"]
[Result "0-1"]
[WhiteElo "2460"]
[BlackElo "2830"]
[TimeControl "180+1"]
[EndTime "8:06:30 PST"]
[Termination "Seochesspie won by resignation"]

1. Nf3 Nf6 2. b3 g6 3. Bb2 Bg7 4. d4 O-O 5. e3 b6 6. c4 Bb7 7.
Nc3 e6 8. Bd3 d6 9. O-O Nbd7 10.
Qc2 c5 11. dxc5 Nxc5 12. Be2 Qe7 13. Rfd1 Rfd8 14. Nd2 Rac8 15. Bf3 Bxf3 16. Nxf3 a6 17. Qe2 Qb7 18. b4 Nce4 19. Nxe4 Qxe4 20. Rac1 Qc6 21. a3 Qa4 22. Qc2 Qxc2 23. Rxc2 d5 24. h3 Ne4 25. Bxg7 Kxg7 26. Kf1 Rc7 27. Rdc1 Rdc8 28.
c5 bxc5 29. bxc5 Rxc5 30. Rxc5 Rxc5 31. Rxc5 Nxc5 32. Ke2 Kf6 33. g4 h6 34. h4 e5 35.
Nd2 Ke6 36. f4 f6 37. Nf3 Ne4 38. fxe5 fxe5 39. Ne1 Nf6 40. Kf3 Ne4 41. Nc2 Nd2+ 42. Ke2 Nc4 43. Kd3 a5 44. e4 Nb2+ 45. Kc3 Na4+ 46. Kd3 Nc5+ 47. Ke3 Nxe4 0-1

[Event "Early-Titled-Tuesday-Blitz-March-05-2024"]
[Site "Chess.com"]
[Date "2024.03.05"]
[Round "1"]
[White "DvaHrasta"]
[Black "GMSrinath"]
[Result "0-1"]
[WhiteElo "2453"]
[BlackElo "2812"]
[TimeControl "180+1"]
[EndTime "8:06:30 PST"]
[Termination "GMSrinath won on time"]

1. c4 e5 2. g3 f5 3. Bg2 d6 4. Nc3 g6 5. d3 Bg7 6. Nf3 Nf6 7. O-O O-O 8. Rb1 a5 9. a3 h6 10. b4 axb4 11. axb4 g5 12. b5 Nbd7 13. Ne1 Nc5 14. Nc2 f4 15. Nb4 g4 16. Nbd5 Nxd5 17. Nxd5 Ne6 18. Bb2 h5 19. gxf4 exf4 20. Bxg7 Kxg7 21. Ra1 Rxa1 22. Qxa1+ Kh6 23. Rb1 f3 24. exf3 gxf3 25.
Bf1 Qh4 26. Qa7 Nd4 27. Qa2 Rg8+ 28. Kh1 Qg5 0-1

[Event "Early-Titled-Tuesday-Blitz-March-05-2024"]
[Site "Chess.com"]
[Date "2024.03.05"]
[Round "1"]
[White "toninhojit"]
[Black "kleinebeer98"]
[Result "1-0"]
[WhiteElo "2504"]
[BlackElo "2888"]
[TimeControl "180+1"]
[EndTime "8:06:31 PST"]
[Termination "toninhojit won by resignation"]

1. d4 Nf6 2. c4 a6 3. g3 b5 4. Bg2 c6 5. Nd2 g6 6. a4 bxc4 7. Nxc4 a5 8. Nf3 Bg7 9. O-O O-O 10. Qd3 Ba6 11. Qc2 d6 12. b3 Nbd7 13. Ba3 Qc7 14. Rfd1 Rfb8 15. e4 d5 16. e5 dxc4 17.
exf6 cxb3 18. Qc3 Nxf6 19. Ne5 e6 20. Nxc6 Rc8 21. Ne7+ Kh8 22. Qxc7 Rxc7 23. Bxa8 h5 24. Bf3 Kh7 25. Nc6 g5 26. Bc5 g4 27. Bg2 Nd7 28. Bd6 Rc8 29. Ne5 Nf6 30. Rac1 Rd8 31. Be7 Re8 32. Bxf6 Bxf6 33. Be4+ Kg7 34. Rb1 Rd8 35. Nc6 Rd6 36. Nxa5 Bxd4 37. Nxb3 e5 38. Nxd4 exd4 39. Bd3 Bc8 40. a5 h4 41. Rb6 Rd5 42. Rc6 Bd7 43. Rc7 Ba4 44. Ra1 Rxa5 45. Rc4 h3 46. Rcxa4 Rd5 47. Ra7 Kh6 48. Rxf7 Ra5 49. Rh7+ Kg5 50. Rxa5+ 1-0

[Event "Early-Titled-Tuesday-Blitz-March-05-2024"]
[Site "Chess.com"]
[Date "2024.03.05"]
[Round "1"]
[White "PoXerStar"]
[Black "stolencandy13"]
[Result "0-1"]
[WhiteElo "2367"]
[BlackElo "2669"]
[TimeControl "180+1"]
[EndTime "8:06:33 PST"]
[Termination "stolencandy13 won on time"]

1. d4 Nf6 2. c4 c5 3. d5 e6 4.
Nc3 exd5 5. cxd5 d6 6. Nf3 g6 7. Bf4 a6 8. a4 Bg7 9. h3 O-O 10. e3 Ne8 11. Be2 Qe7 12. O-O Nd7 13. Bh2 Ne5 14.
Nd2 f5 15. Qc2 Bd7 16. a5 Kh8 17. f4 Nf7 18. e4 Nf6 19. Bd3 fxe4 20. Ndxe4 Nxe4 21. Nxe4 Bf5 22. Rae1 Rae8 23. g4 Bxe4 24. Bxe4 Qf6 25. b3 Qd4+ 26. Kg2 Re7 27. Re2 Rfe8 28. Rfe1 Qc3 29. Qd3 Bd4 30. Bg3 Rxe4 0-1

[Event "Early-Titled-Tuesday-Blitz-March-05-2024"]
[Site "Chess.com"]
[Date "2024.03.05"]
[Round "1"]
[White "FairChess_on_YouTube"]
[Black "guillembaches"]
[Result "1-0"]
[WhiteElo "3105"]
[BlackElo "2523"]
[TimeControl "180+1"]
[EndTime "8:06:34 PST"]
[Termination "FairChess_on_YouTube won on time"]

1. Nf3 d5 2. e3 Nf6 3. c4 e6 4. b3 c5 5. Bb2 a6 6. cxd5 Nxd5 7. Be2 Nc6 8. O-O Nf6 9. Nc3 Be7 10. Qb1 b5 11. a4 b4 12. Ne4 Bb7 13. Bxf6 gxf6 14. Rc1 Qd5 15. Rxc5 Qd7 16. Qb2 Ne5 17. Nxe5 fxe5 18.
Qxe5 Rg8 19. Rc7 Qd5 20. Qxd5 Bxd5 21. Bf3 f5 22. Ng3 Bxf3 23. gxf3 h5 24. Kf1 h4 25. Ne2 Bd6 26. Rh7 Bxh2 27. Rxh4 Be5 28. Rc1 Kd7 29. d4 Bf6 30. Rh7+ Rg7 31. Rxg7+ Bxg7 32. Nf4 Bf8 33. Nd3 Bd6 34. Nc5+ Ke7 35. Ke2 a5 36. Nb7 1-0

[Event "Early-Titled-Tuesday-Blitz-March-05-2024"]
[Site "Chess.com"]
[Date "2024.03.05"]
[Round "1"]
[White "GeorgiosSouleidis"]
[Black "Cheer_Down"]
[Result "1-0"]
[WhiteElo "2705"]
[BlackElo "2405"]
[TimeControl "180+1"]
[EndTime "8:06:35 PST"]
[Termination "GeorgiosSouleidis won by checkmate"]

1. e4 e5 2. Nc3 Nf6 3. d4 exd4 4. Qxd4 Nc6 5. Qd3 Bb4 6. Bd2 O-O 7. O-O-O a5 8. Qg3 Re8 9. f3 d6 10. h4 Be6 11. a3 Bc5 12. h5 Ne5 13. h6 g6 14. Bg5 Ned7 15. Qh4 c6 16. e5 dxe5 17. Ne4 Be7 18. Rxd7 Nxd7 19. Ne2 f6 20. Bd2 b5 21.
Kb1 b4 22. a4 b3 23. cxb3 Nc5 24. Nxc5 Bxc5 25. Bc3 Qd1+ 26. Nc1 Bf5+ 27. Ka2 Qd6 28. Bc4+ Be6 29. Qxf6 Ra7 30. Bxe5 Qe7 31. Qh8+ Kf7 32. Qg7# 1-0

[Event "Early-Titled-Tuesday-Blitz-March-05-2024"]
[Site "Chess.com"]
[Date "2024.03.05"]
[Round "1"]
[White "Shivananda1964"]
[Black "otrov-11"]
[Result "1-0"]
[WhiteElo "2340"]
[BlackElo "2607"]
[TimeControl "180+1"]
[EndTime "8:06:36 PST"]
[Termination "Shivananda1964 won by resignation"]

1. e4 e6 2. d4 d5 3. Nd2 c5 4. Ngf3 cxd4 5. exd5 Qxd5 6. Bc4 Qd6 7. O-O Nf6 8. Nb3 Nc6 9. Nbxd4 Nxd4 10. Nxd4 Be7 11. c3 O-O 12. Qe2 a6 13. Bg5 e5 14. Nc2 Bg4 15.
f3 Be6 16. Bxe6 Qxe6 17. Rfe1 Bc5+ 18. Be3 Bd6 19. Bf2 Rfe8 20. Rad1 Rac8 21. Bg3 Bb8 22.
Rd3 e4 23. fxe4 Nxe4 24. Bxb8 Rxb8 25. Nd4 Qb6 26. Re3 f5 27. Nxf5 Nf6 28. Nd4 Rxe3 29. Qxe3 Rd8 30. Qe6+ Qxe6 31. Rxe6 Kf7 32. Re5 Rd7 33. h3 h6 34. Kf2 Nd5 35. Kf3 Ne7 36. Re4 g5 37. Kg4 Rd5 38. Kh5 Rd6 39. Rxe7+ Kxe7 40. Nf5+ Ke6 41. Nxd6 Kxd6 42. Kxh6 g4 43. hxg4 1-0

[Event "Early-Titled-Tuesday-Blitz-March-05-2024"]
[Site "Chess.com"]
[Date "2024.03.05"]
[Round "1"]
[White "Ralf61"]
[Black "mary-sanna"]
[Result "1-0"]
[WhiteElo "2572"]
[BlackElo "2210"]
[TimeControl "180+1"]
[EndTime "8:06:37 PST"]
[Termination "Ralf61 won on time"]

1. d4 d5 2. c4 e6 3. Nc3 Nf6 4. cxd5 exd5 5. Bg5 Be7 6. e3 h6 7.
Bh4 Bg4 8. Qb3 Nbd7 9. h3 Be6 10. Nge2 O-O 11. Nf4 c5 12. Nxe6 fxe6 13. Qxb7 Rb8 14.
Qa6 Rb6 15. Qe2 Qb8 16. Rb1 Kh8 17. Qc2 cxd4 18. exd4 Rb4 19. Bg3 Qb6 20. Be2 Qxd4 21. O-O Ne4 22. Nxe4 Qxe4 23. Bd3 Qd4 24. Rfe1 Rb6 25. b3 e5 26. Rbd1 Qc5 27. Bxe5 Qxc2 28. Bxc2 Nxe5 29. Rxe5 Bc5 30. Rd2 Rbf6 31. Ree2 a5 32.
g3 Rf3 33. Kg2 1-0

[Event "Early-Titled-Tuesday-Blitz-March-05-2024"]
[Site "Chess.com"]
[Date "2024.03.05"]
[Round "1"]
[White "vi_pranav"]
[Black "N18player"]
[Result "1-0"]
[WhiteElo "3077"]
[BlackElo "2521"]
[TimeControl "180+1"]
[EndTime "8:06:38 PST"]
[Termination "vi_pranav won by resignation"]

1. d4 Nf6 2. Nc3 d5 3. Bf4 c6 4. e3 Bf5 5. Nf3 h6 6. Ne5 Nbd7 7. Bd3 Bxd3 8. cxd3 e6 9. O-O Be7 10. Rc1 Nxe5 11. Bxe5 O-O 12. Ne2 Rc8 13. h3 Nd7 14. Bg3 c5 15. Qa4 a6 16. Rfd1 Bf6 17. dxc5 Nxc5 18.
Qb4 Be7 19. Qd2 Qb6 20. Nf4 Na4 21. Rb1 Rc6 22. Qe2 Qd8 23. Qg4 e5 24. Nh5 Rg6 25. Qxa4 Rg5 26. Nf4 exf4 27. Bxf4 Rg6 28. Rbc1 b5 29.
Qb3 Qd7 30. Bg3 Bh4 31. Bxh4 Qxh3 32. Bg3 Rxg3 33. fxg3 Qxg3 34. Re1 1-0

[Event "Early-Titled-Tuesday-Blitz-March-05-2024"]
[Site "Chess.com"]
[Date "2024.03.05"]
[Round "1"]
[White "GelmanAlexander"]
[Black "Chesstiger64"]
[Result "1-0"]
[WhiteElo "2663"]
[BlackElo "2365"]
[TimeControl "180+1"]
[EndTime "8:06:38 PST"]
[Termination "GelmanAlexander won by resignation"]

1. d4 d6 2. Nc3 e5 3. Nf3 Bg4 4. dxe5 Bxf3 5. exf3 dxe5 6. Be3 Qxd1+ 7. Rxd1 c6 8. Ne4 Nd7 9. Bc4 Nb6 10. Bb3 Nf6 11.
Ng5 Nfd5 12. Bxb6 axb6 13. Bxd5 cxd5 14. Rxd5 f6 15. Ne6 Rxa2 16. O-O Kf7 17. Nd8+ Kg6 18. Rb1 Bc5 19. Nxb7 Rc8 20. Nxc5 bxc5 21. Kf1 c4 22. Rb5 c3 23. Ke2 cxb2 24. Kd2 Ra4 25. R5xb2 Rd4+ 26. Ke2 Rcd8 27. c3 Rc4 28. Rc2 Rdc8 29. Kd3 f5 30. Rb6+ Kg5 31. Re6 Kf4 32. g3+ Kxf3 33. Rxe5 g6 34. Re3+ Kg2 35. f4+ Kh3 36. Re7 h5 37.
Re6 R4c6 38. Rxc6 Rxc6 39. c4 h4 40. gxh4 Kg4 41. Rf2 Rd6+ 42. Kc3 Kxh4 43. c5 Rd1 44.
c6 Rc1+ 45. Rc2 Rf1 46. c7 Rxf4 47. c8=Q g5 48. Qh8+ Kg4 49. Rg2+ Kf3 50. Qh3+ Ke4 51. Re2+ Kd5 52. Qd3+ Kc5 53. Re5+ 1-0

[Event "Early-Titled-Tuesday-Blitz-March-05-2024"]
[Site "Chess.com"]
[Date "2024.03.05"]
[Round "1"]
[White "ilya2700"]
[Black "ukchessbomber"]
[Result "0-1"]
[WhiteElo "2353"]
[BlackElo "2653"]
[TimeControl "180+1"]
[EndTime "8:06:40 PST"]
[Termination "ukchessbomber won on time"]

1. d4 b5 2. e4 a6 3. Nf3 Bb7 4. Bd3 e6 5. O-O g6 6. a4 b4 7.
c3 Nf6 8. Bg5 h6 9. Bh4 g5 10. Bg3 Nxe4 11. Be5 f6 12. Bxe4 Bxe4 13. Nfd2 Bxb1 14. Qh5+ Ke7 15. Qf3 fxe5 16. Qxa8 Bd3 17.
Rfe1 Nc6 18. Qb7 Qb8 19. Qxb8 Nxb8 20. Rxe5 Nc6 21. Re3 Bf5 22. d5 bxc3 23. Nf3 Nb4 24. Nd4 cxb2 25. Nxf5+ Kf6 26. Rb1 Nxd5 27. Ng3 Nxe3 28.
fxe3 Ke5 29. Rxb2 Bc5 30. Kf2 h5 31. Ke2 h4 32. Nf1 h3 33. g3 d5 34. Nd2 g4 35.
Nb3 Rb8 36. Rb1 Ba7 37. Kd3 c5 38. Nd2 c4+ 39. Ke2 Rxb1 40. Nxb1 Bc5 41. Nc3 Bb4 42. Nd1 Ke4 43. Nf2+ Kf5 44. Nd1 e5 45. Nf2 d4 0-1

[Event "Early-Titled-Tuesday-Blitz-March-05-2024"]
[Site "Chess.com"]
[Date "2024.03.05"]
[Round "1"]
[White "Hikaru"]
[Black "Shuvalov"]
[Result "1-0"]
[WhiteElo "3281"]
[BlackElo "2527"]
[TimeControl "180+1"]
[EndTime "8:06:41 PST"]
[Termination "Hikaru won by checkmate"]

1. h3 d5 2. d4 c5 3. dxc5 e6 4.
e4 Bxc5 5. exd5 exd5 6. Nf3 Nf6 7. Bd3 O-O 8. O-O Nc6 9. Nc3 h6 10. Bf4 Re8 11. a3 Be6 12. Nb5 Rc8 13. b4 Bf8 14.
Re1 a6 15. Nbd4 Bd7 16. Nxc6 Bxc6 17. Nd4 Ba4 18. Qf3 Qb6 19. Be3 Qd6 20. Nf5 Qc6 21. Bd4 Ne4 22. c4 Ng5 23. Qxd5 Rcd8 24.
Qxc6 Bxc6 25. Rxe8 Bxe8 26. Bf1 g6 27. Bf6 Rd2 28. Ne7+ Kh7 29. Re1 Ne6 30. Nd5 Bc6 31. Bc3 Ra2 32. Nf6+ Kh8 33. b5 axb5 34. cxb5 Bg7 35.
bxc6 bxc6 36. Ne4 Rxa3 37. Bxg7+ Kxg7 38. Rc1 Nd4 39. Rd1 Ne6 40. Bc4 Ra4 41. Nd6 Ng5 42. Re1 Kf6 43. Ne8+ Kf5 44. Bd3+ Kf4 45. g3+ Kf3 46.
Re3# 1-0

[Event "Early-Titled-Tuesday-Blitz-March-05-2024"]
[Site "Chess.com"]
[Date "2024.03.05"]
[Round "1"]
[White "GianmarcoVaR"]
[Black "rubicapa"]
[Result "1-0"]
[WhiteElo "2748"]
[BlackElo "2429"]
[TimeControl "180+1"]
[EndTime "8:06:41 PST"]
[Termination "GianmarcoVaR won on time"]

1. e4 c6 2. d4 d5 3. e5 Bf5 4. Nf3 e6 5. Be2 Ne7 6. O-O Bg6 7. a4 Nf5 8. a5 a6 9. c3 c5 10. dxc5 Bxc5 11. Nbd2 Nc6 12. b4 Ba7 13. Nb3 d4 14. Bb2 dxc3 15. Bxc3 Rc8 16. b5 axb5 17. Bxb5 O-O 18. Qe2 Bh5 19. h3 Nh4 20. g4 Bg6 21. a6 bxa6 22. Bxa6 Rb8 23. Na5 1-0

[Event "Early-Titled-Tuesday-Blitz-March-05-2024"]
[Site "Chess.com"]
[Date "2024.03.05"]
[Round "1"]
[White "Flaccidmoves"]
[Black "moro182"]
[Result "0-1"]
[WhiteElo "2456"]
[BlackElo "2820"]
[TimeControl "180+1"]
[EndTime "8:06:42 PST"]
[Termination "moro182 won by resignation"]

1. c4 g6 2. d4 Bg7 3. e4 d6 4.
Nc3 c5 5. d5 Bxc3+ 6. bxc3 e5 7. h4 Qe7 8. h5 Kd7 9. g3 Kc7 10. hxg6 fxg6 11. Rb1 Nd7 12. a4 Ngf6 13. f3 Nh5 14.
Ne2 Rf8 15. Bg2 a5 16. Be3 Ra6 17. Rb5 Nb6 18. Qb3 Bd7 19. Kd2 Bxb5 20. cxb5 Raa8 21.
g4 Nf4 22. Nxf4 exf4 23. Bf2 Rh8 24. c4 h5 25. Qc3 Nd7 26. gxh5 Rxh5 27. Rxh5 gxh5 28.
Bh3 Ne5 29. Ke2 b6 30. Qa1 Rg8 31. Qc1 Qf6 32. Bf5 Rg2 33. Qh1 Qg5 34. Kf1 Rxf2+ 35. Kxf2 Qg3+ 36. Ke2 h4 37. Qh3 Qxh3 38. Bxh3 Nxc4 39.
Kf2 Ne5 40. Kg2 c4 41. Bf5 c3 42. Kf2 c2 0-1

[Event "Early-Titled-Tuesday-Blitz-March-05-2024"]
[Site "Chess.com"]
[Date "2024.03.05"]
[Round "1"]
[White "rikchessmx"]
[Black "Roman_Ovetchkin"]
[Result "0-1"]
[WhiteElo "2267"]
[BlackElo "2593"]
[TimeControl "180+1"]
[EndTime "8:06:42 PST"]
[Termination "Roman_Ovetchkin won by checkmate"]

1. e4 e5 2. Nf3 Nc6 3. Bb5 a6 4. Ba4 Nf6 5. O-O Be7 6. Re1 b5 7. Bb3 O-O 8. c3 d5 9. exd5 Nxd5 10.
Nxe5 Nxe5 11. Rxe5 c6 12. d4 Bd6 13. Re1 Qh4 14.
g3 Qh3 15. Be3 Bg4 16. Qd3 Rae8 17. Nd2 Re6 18. a4 Rfe8 19. axb5 axb5 20. Qf1 Qh5 21. Bxd5 cxd5 22. Qxb5 Bh3 23. Qe2 Bg4 24. Qb5 Bh3 25. Qe2 Qg6 26. Qf3 f5 27. Qxd5 Kh8 28. Nc4 f4 29.
Ra8 fxe3 30. Rxe3 Rxe3 31. fxe3 Qb1+ 32. Kf2 Qf1# 0-1

[Event "Early-Titled-Tuesday-Blitz-March-05-2024"]
[Site "Chess.com"]
[Date "2024.03.05"]
[Round "1"]
[White "JonasEilenberg"]
[Black "lluiss"]
[Result "1-0"]
[WhiteElo "2550"]
[BlackElo "2153"]
[TimeControl "180+1"]
[EndTime "8:06:43 PST"]
[Termination "JonasEilenberg won by resignation"]

1. d4 Nf6 2. c4 g6 3. Nc3 d5 4. Nf3 Bg7 5. Bg5 Ne4 6. Bf4 Nxc3 7. bxc3 c5 8. e3 O-O 9. cxd5 cxd4 10. cxd4 Qxd5 11.
Be2 Qa5+ 12. Qd2 Qxd2+ 13. Kxd2 Nc6 14. Rhc1 Rd8 15. Rc5 Bg4 16. Rb1 Bxf3 17. Bxf3 e5 18. Bxc6 exf4 19. Bxb7 fxe3+ 20. fxe3 Rab8 21. Rb3 Re8 22. Bd5 Rxb3 23. axb3 Bh6 24. Rc7 Rxe3 25. Kc2 Re2+ 26.
Kd3 Ra2 27. Rxf7 Kh8 28. Rb7 Bf4 29. h3 Ra6 30. Kc4 Be3 31. Bf3 Rd6 32. d5 Bb6 33. Kd3 Rd8 34. Re7 Rd6 35. Ke4 Bg1 36. Rb7 Rb6 37. Rxb6 Bxb6 38. Ke5 Kg7 39. Ke6 Kf8 40. Kd7 Bc5 41. d6 h5 42. Bc6 g5 43. Ke6 g4 44.
hxg4 hxg4 45. d7 Bb6 46. Kf5 Ke7 47. Kxg4 Kf6 48. Kf4 1-0

[Event "Early-Titled-Tuesday-Blitz-March-05-2024"]
[Site "Chess.com"]
[Date "2024.03.05"]
[Round "1"]
[White "SergioMoralesG"]
[Black "BilodeauA"]
[Result "0-1"]
[WhiteElo "2511"]
[BlackElo "2997"]
[TimeControl "180+1"]
[EndTime "8:06:45 PST"]
[Termination "BilodeauA won by resignation"]

1. d4 d5 2. c4 dxc4 3. Nf3 a6 4. e3 Bg4 5. Bxc4 e6 6. h3 Bh5 7. O-O Nc6 8. Nc3 Nf6 9. b3 Bd6 10. Bb2 O-O 11. Be2 Nd5 12. Ne4 f5 13. Nxd6 cxd6 14. a3 Nce7 15. Re1 Nf6 16. Ng5 Bxe2 17. Qxe2 Qd7 18.
e4 h6 19. e5 hxg5 20. exf6 Rxf6 21. Qh5 Rg6 22. Rac1 Rf8 23. Rc3 f4 24. Rec1 Qb5 25. Rc7 Rh6 26. Qg4 Nd5 27. Qxg5 Nxc7 28. d5 e5 29.
Rxc7 Rh7 30. Qe7 Qxd5 31. Rd7 f3 32. Rxd6 Qf7 33. Qxe5 fxg2 34. Bd4 Rxh3 35. Kxg2 Qf3+ 0-1